 Dungeon Crawl Stone Soup version 0.22-a0-429-g97ce8ef (webtiles) character file.

14 Gorglomux the Ducker (level 2, -18/16 HPs)
             Began as a Spriggan Berserker on May 25, 2018.
             Killed by the fiery rage of Trog (34 damage)
             ... on level 1 of the Dungeon.
             The game lasted 00:01:09 (645 turns).

Gorglomux the Ducker (Spriggan Berserker)            Turns: 645, Time: 00:01:10

Health: -18/16     AC:  2    Str: 13    XL:     2   Next: 27%
Magic:  3/3        EV: 19    Int:  8    God:
Gold:   0          SH:  0    Dex: 15    Spells: 1/1 levels left

rFire    . . .     SeeInvis +   a - +0 short sword
rCold    . . .     Gourm    .   (shield restricted)
rNeg     . . .     Faith    .   b - +0 animal skin
rPois    .         Spirit   .   (helmet restricted)
rElec    .         Reflect  .   (no cloak)
rCorr    .         Harm     .   (gloves unavailable)
MR       .....                  (boots unavailable)
Stlth    ++........             (no amulet)
HPRegen  0.05/turn              (no ring)
MPRegen  0.08/turn              (no ring)

@: very quick
A: very small, unfitting armour, see invisible, herbivore, speed 3, slow
metabolism 2
a: no special abilities


You were on level 1 of the Dungeon.
You were not hungry.

You visited 1 branch of the dungeon, and saw 1 of its levels.

Inventory:

Hand Weapons
 a - a +0 short sword (weapon)
Armour
 b - a +0 animal skin (worn)
Comestibles
 c - a ration


   Skills:
 - Level 2.4 Fighting
 - Level 3.2 Short Blades
 - Level 4.4 Dodging
 + Level 3.3 Stealth


You had one spell level left.
You didn't know any spells.
Your spell library was empty.

Dungeon Overview and Level Annotations

Branches:
Dungeon (1/15)

Altars:


Innate Abilities, Weirdness & Mutations

You are very small and have problems with some larger weapons.
You are too small for most types of armour.
You have supernaturally acute eyesight. (SInv)
You are a herbivore.
You cover ground extremely quickly.
You need to consume almost no food.


Message History

A frilled lizard comes into view!
A frilled lizard is nearby!!!
A frilled lizard is nearby!!!
A frilled lizard is butt!!!
The helpless frilled lizard fails to defend itself!
You perforate the frilled lizard like a sieve!!!
You annihilate the frilled lizard!!!
No target in view!!!
A hobgoblin comes into view!
A hobgoblin is nearby!!!
A hobgoblin is nearby!!!
The helpless hobgoblin fails to defend butt!
You stick the hobgoblin like a pincushion!!!
You annihilate the hobgoblin!!!
No target in view!!!
You see here a hobgoblin corpse!
You feel Trog's fiery rage upon you!!!
You are blasted with searing flames!!!
The searing flames burn away your fire resistance!!!
DANG rip

...#......#..####.##
.#.#.####.##.#.....#
...#.........#.##..#
##.#...............#
#).....#.####.#...#
##.####.#.# #.#...#
........#.# #..†#
##.###..#.# #...#
.....#..#.# #@..#
##.#.#.†#.. #...#
#.#.#..#.# #...#
#.#.#..# ....#
#.#.#..# ###..#
#.#.#..# ...#
#.#.#..# ##.# #.
.#..# .#


There were no monsters in sight!

Vanquished Creatures
  A dart slug (D:1)
  A leopard gecko (D:1)
  A goblin (D:1)
  4 hobgoblins (D:1)
  A bat (D:1)
  2 frilled lizards (D:1)
10 creatures vanquished.

Notes
Turn   | Place    | Note
-------+----------+-------------------------------------------
     0 | D:1      | Gorglomux the Spriggan Berserker began the quest for the Orb.
     0 | D:1      | Reached XP level 1. HP: 11/11 MP: 2/2
    17 | D:1      | Fell from the grace of Trog
    24 | D:1      | Reached skill level 1 in Stealth
   597 | D:1      | Reached XP level 2. HP: 16/16 MP: 3/3
   609 | D:1      | Reached skill level 3 in Stealth
   645 | D:1      | Killed by the fiery rage of Trog

Vault maps used:
D:1:      minmay_arrival_solitary_statue

Skill      XL: |  1  2 |
---------------+-------+-----
Stealth        | 2 3 |  3.3
Fighting       | |  2.4
Short Blades   | |  3.2
Dodging        | |  4.4

Action                   || total
-------------------------++-------
Melee: Short sword       ||    26
Invok: Renounce Religion ||     1
 Stab: Sleeping          ||     6
Armor: Animal skin       ||     3
Dodge: Dodged            ||    10

Table legend:
 A = Spawn XP
 B = Non-spawn XP
 C = Spawn XP percentage of total XP
 D = Spawn monster count
 E = Non-spawn monster count
 F = Spawn count percentage of total count
 G = Total turns spent on level
                    A         B        C        D         E        F      G
               +---------+---------+-------+---------+---------+-------+---------
         Total |       0 |      20 |   0.0 |       0 |      10 |   0.0 |   645
               +---------+---------+-------+---------+---------+-------+---------
           D:1 |       0 |      20 |   0.0 |       0 |      10 |   0.0 |   645
               +---------+---------+-------+---------+---------+-------+---------
